 Dungeon Crawl Stone Soup version 0.30-a0-743-gbfdf073431 (webtiles) character file.

Game seed: 7946236557732971905

24045 DEFE the Grappler (level 12, 0/93 HPs)
             Began as a Demonspawn Wanderer on Feb 7, 2023.
             Was an Initiate of Gozag.
             Slain by a komodo dragon (21 damage)
             ... on level 3 of the Lair of Beasts.
             The game lasted 00:14:43 (12939 turns).

DEFE the Grappler (Demonspawn Wanderer)            Turns: 12939, Time: 00:14:44

Health: 0/93       AC: 15    Str: 22    XL:     12   Next: 77%
Magic:  13/13      EV: 10    Int: 13    God:    Gozag
Gold:   2325       SH:  0    Dex: 19    Spells: 13/13 levels left

rFire   . . .      SeeInvis .      - Unarmed
rCold   . . .      Faith    .    (no shield)
rNeg    . . .      Spirit   .    a - +5 ring mail of the Wasteland {Regen+}
rPois   +          Reflect  .    q - +0 helmet of Courage {Dex+4}
rElec   .          Harm     .    d - +0 cloak {rPois}
rCorr   .          Rampage  .    (no gloves)
Will    .....                    L - +0 pair of boots "Nybli" {Slay+2}
Stlth   +                        G - amulet of regeneration
HPRegen 1.95/turn                y - +6 ring of strength
MPRegen 0.13/turn                F - ring of poison resistance

@: no status effects
A: claws 1, thin metallic scales 1, demonic guardian 2, demonic magic 2
a: Renounce Religion, Potion Petition, Call Merchant, Bribe Branch


You were on level 3 of the Lair of Beasts.
You worshipped Gozag.
Gozag was most pleased with you.
You visited 2 branches of the dungeon, and saw 14 of its levels.
You visited the Abyss 1 time.
You also visited: Bailey.

You collected 3270 gold pieces.
You spent 704 gold pieces at shops.
You paid 241 gold pieces to Gozag.

Inventory:

Hand Weapons
 f - a +0 dagger of venom
 C - a +9 heavy flail
Armour
 a - the +5 ring mail of the Wasteland (worn) {Regen+}
   (You found it in a bailey)

   Regen:     It increases your rate of health regeneration.
 d - a +0 cloak of poison resistance (worn)
 p - the +1 leather armour of Fortification {rN+ Stlth+}
   (You found it on level 3 of the Dungeon)

   rN:        It protects you from negative energy.
   Stlth:     It makes you more stealthy.
 q - the +0 helmet of Courage (worn) {Dex+4}
   (You found it in a bailey)

   Dex:       It affects your dexterity (+4).
 L - the +0 pair of boots "Nybli" (worn) {Slay+2}
   (You bought it in a shop on level 6 of the Dungeon)

   Slay:      It affects your accuracy & damage with ranged weapons and melee
   (+2).
 O - a +0 cloak
Jewellery
 v - an amulet of magic regeneration
 y - a +6 ring of strength (left claw)
 D - a ring of resist corrosion
 F - a ring of poison resistance (right claw)
 G - an amulet of regeneration (around neck)
 R - a +6 ring of dexterity
Wands
 b - a wand of flame (36) (quivered)
 m - a wand of mindburst (4)
 H - a wand of iceblast (8)
 I - a wand of quicksilver (20)
 M - a wand of digging (16)
 S - a wand of paralysis (4)
Scrolls
 c - a scroll of silence
 h - 5 scrolls of amnesia
 i - 5 scrolls of vulnerability
 j - 4 scrolls of magic mapping
 k - 4 scrolls of teleportation
 l - 2 scrolls of enchant armour
 s - 6 scrolls of brand weapon
 u - 2 scrolls of fog
 x - 2 scrolls of enchant weapon
 z - a scroll of torment
 A - a scroll of noise
 K - a scroll of immolation
 N - 4 scrolls of fear
 P - a scroll of summoning
 V - a scroll of identify
 W - a scroll of poison
Potions
 e - 3 potions of invisibility
 n - 6 potions of flight
 o - 3 potions of cancellation
 t - 7 potions of ambrosia
 w - 3 potions of brilliance
 B - 3 potions of haste
 E - 2 potions of magic
 J - 2 potions of might
 Q - 2 potions of attraction
 T - a potion of mutation
 U - 3 potions of curing
Miscellaneous
 g - a phantom mirror
 r - a phial of floods


   Skills:
 - Level 8.2 Fighting
 - Level 4.5 Long Blades
 - Level 7.5 Maces & Flails
 + Level 14.3 Unarmed Combat
 - Level 1.0 Spellcasting
 - Level 1.0 Poison Magic
 - Level 1.2 Invocations
 - Level 10.0 Evocations


You had 13 spell levels left.
You didn't know any spells.
Your spell library contained the following spells:

 Spells                   Type           Power      Damage    Failure   Level
 Magic Dart               Conj           0%         1d3       41%         1
 Poisonous Vapours        Pois/Air       2%         N/A       50%         2
 Cigotuvi's Dreadful Rot  Necr/Pois/Air  2%         N/A       52%         2
 Call Imp                 Summ           0%         N/A       56%         2
 Lesser Beckoning         Tloc           0%         N/A       56%         2
 Mephitic Cloud           Conj/Pois/Air  1%         N/A       75%         3
 Confusing Touch          Hex            0%         N/A       80%         3
 Dazzling Flash           Conj/Hex       0%         N/A       80%         3
 Frozen Ramparts          Ice            0%         1d1       80%         3
 Gell's Gravitas          Tloc           0%         N/A       80%         3
 Teleport Other           Tloc           0%         N/A       80%         3
 Ice Form                 Ice/Tmut       0%         N/A       99%         4
 Leda's Liquefaction      Hex/Erth       0%         N/A       99%         4
 Summon Ice Beast         Ice/Summ       0%         N/A       99%         4
 Lee's Rapid Deconstruct  Erth           0%         3d4*      100%        5
 Summon Mana Viper        Hex/Summ       0%         N/A       100%        5
 Statue Form              Tmut/Erth      0%         N/A       100%        6
 Monstrous Menagerie      Summ           0%         N/A       100%        7
 Discord                  Hex            0%         N/A       100%        8


Dungeon Overview and Level Annotations

Branches:
Dungeon (11/15)            Temple (0/1) D:6            Lair (3/5) D:10
 Shoals (0/4) Lair:2        Snake (0/4) Lair:2       Bailey (visited)
    Orc: D:9-12

Altars:
Dithmenos
Gozag
Kikubaaqudgha
Trog
Wu Jian
Yredelemnul

Shops:
D:1 *   D:6 [   D:7 !

Annotations:
D:5 1 runed translucent door, Crazy Yiuf
D:8 2 transporters
D:10 1 runed translucent door, voronchuk's ghost, journeyman DECj


Innate Abilities, Weirdness & Mutations

You have sharp fingernails.
You are partially covered in thin metallic scales. (AC +2)
A demonic guardian rushes to your aid.
Spells you cast may paralyse nearby enemies.


Message History

No target in view!
You now have 2325 gold pieces (gained 19).
A komodo dragon comes into view.
A komodo dragon is nearby!
A komodo dragon is nearby!
The komodo dragon bites you.
You take 3 damage, and have 90/93 hp.
You barely miss the komodo dragon. The komodo dragon bites you!
You take 7 damage, and have 83/93 hp.
You barely miss the komodo dragon.
The komodo dragon bites you but does no damage.
You claw the komodo dragon! The komodo dragon bites you!!
You take 19 damage, and have 65/93 hp.
MASSIVE DAMAGE!!
You barely miss the komodo dragon.
Unknown command.
You barely miss the komodo dragon. The komodo dragon bites you!!
You take 21 damage, and have 45/93 hp.
MASSIVE DAMAGE!!
You scratch the komodo dragon.
The komodo dragon completely misses you.
Unknown command.
Aim: a komodo dragon (moderately wounded, chance to affect: 54%)
The komodo dragon resists with significant effort.
The komodo dragon bites you but does no damage.
You regained 2 hp, and now have 48/93 hp.
Unknown command.
Unknown command.
You barely miss the komodo dragon. You claw the komodo dragon!
The komodo dragon bites you!
You take 15 damage, and have 34/93 hp.
Unknown command.
You scratch the komodo dragon but do no damage.
The komodo dragon bites you!
* * * LOW HITPOINT WARNING * * *
You take 15 damage, and have 19/93 hp.
Unknown command.
You closely miss the komodo dragon. The komodo dragon bites you!!
You die...
Your body crumbles into a pile of gold.

##...# ##.## ### #....#
##..# ##P#####..####.###
.#####..#P###...#..##.#
................#.##.##
......................##
........................
.............>..........
......l@................
........................
................#...P.##
.#.##.P##..#######...##
# #.## #### #....# ##
###... #.... ##...#


You could see a komodo dragon.

Vanquished Creatures
  3 two-headed ogres (D:11)
  5 death yaks (D:10)
  A thrashing horror (Abyss:1)
  A manticore (D:11)
  Maurice (D:9)
  A gargoyle (Bailey)
  5 cane toads
  Psyche (D:8)
  2 kobold demonologists
  2 komodo dragons (Lair:1)
  3 trolls
  Grinder (D:3)
  A queen bee (D:9)
  3 hornets
  3 raiju (Abyss:1)
  5 blink frogs (Lair:2)
  3 shadows
  A vampire (Bailey)
  6 wyverns
  A wraith (D:11)
  14 yaks
  2 steam dragons
  Edmund (D:4)
  2 nagas (Lair:2)
  An acid dragon (D:11)
  8 water moccasins
  2 orc warriors
  A black bear (D:8)
  2 sky beasts (D:7)
  An ogre (D:6)
  2 centaurs (D:7)
  3 phantoms
  4 kobold brigands
  2 necrophages
  5 bullfrogs
  4 wights (D:8)
  3 scorpions
  17 killer bees (D:9)
  10 wolf zombies (Bailey)
  7 vampire bats (Bailey)
  5 howler monkeys
  5 hounds
  4 orc priests
  A gnoll bouda (D:7)
  Ijyb (D:5)
  Natasha (thrice) (D:4)
  7 orc wizards
  5 gnolls (D:7)
  8 adders
  3 shadow imps
  2 white imps
  4 ufetubi
  3 worms
  2 dart slugs
  19 orcs
  5 endoplasms
  3 giant cockroaches
  5 hobgoblins
  2 quokkas
  10 ball pythons
  9 bats
  2 frilled lizards
  11 goblins
  22 kobolds
  18 orc zombies (Bailey)
  6 rats
305 creatures vanquished.

Vanquished Creatures (collateral kills)
  A death yak (D:10)
  A black mamba (Lair:2)
  A troll (D:10)
  3 blink frogs (Lair:3)
  A yak (D:9)
  A steam dragon (D:9)
  An orc warrior (D:9)
  2 kobold brigands (D:9)
  2 killer bees (D:9)
  An orc priest (D:9)
  An orc wizard (D:9)
  4 orcs
  A goblin (D:3)
  2 kobolds (D:9)
  4 orc zombies (Bailey)
  A rat (D:3)
27 creatures vanquished.

Vanquished Creatures (others)
  A killer bee (D:9)
  An orc (D:8)
  A kobold (D:9)
  A fungus (Lair:2)
4 creatures vanquished.

Grand Total: 336 creatures vanquished

Notes
Turn   | Place    | Note
-------+----------+-------------------------------------------
     0 | D:1      | DEFE the Demonspawn Wanderer began the quest for the Orb.
     0 | D:1      | DEFE set off with the following items: a +2 falchion, a
                  | wand of flame (6), a scroll of silence, a +0 robe; and the
                  | following spells available to memorise: Poisonous Vapours,
                  | Cigotuvi's Dreadful Rot.
     0 | D:1      | Reached XP level 1. HP: 13/13 MP: 2/2
   130 | D:1      | Reached skill level 1 in Fighting
   208 | D:1      | Found Uletz's General Store.
   294 | D:1      | Gained mutation: You are partially covered in thin metallic
                  | scales. (AC +2) [demonic ancestry]
   294 | D:1      | Reached XP level 2. HP: 22/22 MP: 3/3
  1036 | D:2      | Reached XP level 3. HP: 28/28 MP: 4/4
  1341 | D:2      | Gained mutation: A weak demonic guardian rushes to your
                  | aid. [demonic ancestry]
  1341 | D:2      | Reached XP level 4. HP: 37/37 MP: 5/5
  1770 | D:3      | Found an opulent altar of Gozag.
  1781 | D:3      | Became a worshipper of Gozag Ym Sagoz the Greedy
  1862 | D:3      | Noticed Grinder
  1877 | D:3      | Paralysed by Grinder for 2 turns
  1893 | D:3      | Killed Grinder
  1894 | D:3      | Reached XP level 5. HP: 17/46 MP: 6/6
  1894 | D:3      | Reached XP level 6. HP: 19/52 MP: 7/7
  2071 | D:3      | Identified the +1 leather armour of Fortification {rN+
                  | Stlth+}
  2797 | D:4      | Identified the +3 leather armour "Gitoulem" {Int+3}
  2800 | D:4      | Noticed Edmund
  2822 | D:4      | Killed Edmund
  3106 | D:4      | Reached XP level 7. HP: 51/60 MP: 8/8
  3188 | D:4      | Noticed Natasha
  3197 | D:4      | Killed Natasha
  3393 | D:4      | Noticed Natasha
  3401 | D:4      | Killed Natasha
  3468 | D:4      | Noticed Natasha
  3474 | D:4      | Killed Natasha
  3583 | D:5      | Entered Level 5 of the Dungeon
  3652 | D:5      | Reached skill level 1 in Maces & Flails
  3954 | D:5      | Found an ornate altar of the Wu Jian Council.
  4196 | D:5      | Found a runed translucent door.
  4197 | D:5      | Noticed Crazy Yiuf
  4326 | D:5      | Noticed Ijyb
  4334 | D:5      | Killed Ijyb
  4528 | D:6      | Found Geref's Antique Armour Emporium.
  4531 | D:6      | Bought a pair of transparent boots for 256 gold pieces
  4531 | D:6      | Identified the +0 pair of boots "Nybli" {Slay+2} (You
                  | bought it in a shop on level 6 of the Dungeon)
  4627 | D:6      | Gained mutation: Spells you cast may paralyse adjacent
                  | enemies. [demonic ancestry]
  4627 | D:6      | Reached XP level 8. HP: 50/68 MP: 9/9
  4958 | D:6      | Found a shadowy altar of Dithmenos.
  5058 | D:6      | Reached skill level 5 in Maces & Flails
  5162 | D:6      | Found a staircase to the Ecumenical Temple.
  5493 | D:7      | Gained mutation: You have sharp fingernails. [demonic
                  | ancestry]
  5493 | D:7      | Reached XP level 9. HP: 74/74 MP: 10/10
  5519 | D:7      | Reached skill level 1 in Unarmed Combat
  5560 | D:7      | Found Zos Lite's Distillery.
  5568 | D:7      | Bought a potion of heal wounds for 70 gold pieces
  5568 | D:7      | Bought a potion of haste for 140 gold pieces
  5568 | D:7      | Bought 2 potions of curing for 84 gold pieces
  5568 | D:7      | Bought 2 potions of flight for 84 gold pieces
  5568 | D:7      | Bought a potion of degeneration for 14 gold pieces
  5569 | D:7      | Bought a potion of brilliance for 56 gold pieces
  5741 | D:7      | Reached skill level 2 in Unarmed Combat
  5966 | D:8      | Found a transporter.
  5966 | D:8      | Found an ancient bone altar of Kikubaaqudgha.
  5968 | D:8      | Found a transporter.
  5970 | D:8      | Noticed a death knight
  5976 | D:8      | Found a basalt altar of Yredelemnul.
  6033 | D:8      | Reached skill level 3 in Unarmed Combat
  6120 | D:8      | Found a bloodstained altar of Trog.
  6245 | D:8      | Noticed Psyche
  6254 | Abyss:1  | Cast into level 1 of the Abyss (Psyche)
  6303 | Abyss:1  | Reached skill level 4 in Unarmed Combat
  6303 | Abyss:1  | Reached skill level 5 in Evocations
  6324 | Abyss:1  | Noticed a starcursed mass
  6402 | Abyss:1  | Noticed a thrashing horror
  6412 | Abyss:1  | Killed a thrashing horror
  6413 | Abyss:1  | Reached skill level 5 in Unarmed Combat
  6415 | Abyss:1  | Noticed a starcursed mass
  6418 | D:8      | Escaped the Abyss
  6422 | D:8      | Killed Psyche
  6423 | D:8      | Gained mutation: A demonic guardian rushes to your aid.
                  | [demonic ancestry]
  6423 | D:8      | Reached XP level 10. HP: 61/80 MP: 11/11
  6682 | D:9      | Found a flagged portal.
  6685 | D:9      | Noticed Maurice
  6714 | D:9      | Killed Maurice
  6715 | D:9      | Reached skill level 6 in Unarmed Combat
  6740 | Bailey   | Entered a bailey
  6881 | Bailey   | Noticed a gargoyle
  6886 | Bailey   | Killed a gargoyle
  7187 | Bailey   | Identified the +6 broad axe of the Three Queens {flame,
                  | Int+2}
  7618 | Bailey   | Identified the +5 ring mail of the Wasteland {Regen+}
  7620 | Bailey   | Identified the +0 helmet of Courage {Dex+4}
  7761 | D:9      | Reached skill level 7 in Unarmed Combat
  8065 | D:9      | Reached XP level 11. HP: 76/86 MP: 12/12
  8089 | D:9      | Reached skill level 8 in Unarmed Combat
  8871 | D:10     | Entered Level 10 of the Dungeon
  8917 | D:10     | Noticed voronchuk's ghost (journeyman DECj)
  9043 | D:10     | Found a staircase to the Lair.
  9044 | D:10     | Noticed a death yak
  9044 | D:10     | Noticed a death yak
  9044 | D:10     | Noticed a death yak
  9045 | D:10     | Noticed a death yak
  9045 | D:10     | Noticed a death yak
  9077 | D:10     | Noticed a death yak
  9082 | D:10     | Killed a death yak
  9100 | D:10     | Killed a death yak
  9101 | D:10     | Reached skill level 9 in Unarmed Combat
  9101 | D:10     | Reached skill level 10 in Evocations
  9109 | D:10     | Killed a death yak
  9119 | D:10     | Killed a death yak
  9163 | D:10     | Killed a death yak
  9164 | D:10     | Reached skill level 10 in Unarmed Combat
  9177 | D:10     | Killed a death yak
  9270 | D:10     | Found a runed translucent door.
  9431 | D:10     | Reached skill level 11 in Unarmed Combat
  9781 | D:11     | Noticed a two-headed ogre
  9786 | D:11     | Noticed a two-headed ogre
  9788 | D:11     | Killed a two-headed ogre
  9789 | D:11     | Gained mutation: Spells you cast may paralyse nearby
                  | enemies. [demonic ancestry]
  9789 | D:11     | Reached XP level 12. HP: 93/93 MP: 13/13
  9798 | D:11     | Killed a two-headed ogre
  9845 | D:11     | Got the Lectures on Malediction
  9899 | D:11     | Reached skill level 12 in Unarmed Combat
 10187 | D:11     | Noticed a two-headed ogre
 10198 | D:11     | Killed a two-headed ogre
 10486 | Lair:1   | Entered Level 1 of the Lair of Beasts
 10905 | Lair:1   | Reached skill level 13 in Unarmed Combat
 11462 | Lair:2   | Found a staircase to the Snake Pit.
 11733 | Lair:2   | Found a staircase to the Shoals.
 12556 | Lair:3   | Reached skill level 14 in Unarmed Combat
 12939 | Lair:3   | Slain by a komodo dragon

Illustrated notes

Levels and vault maps discovered:
D:1:      mrwooster_arrival_statue_2, layout_basic, serial_shops, shop_statue,
          dreamdust_mushroom_princess, minmay_surrounded
D:2:      layout_loops_ring
D:3:      kennysheep_six_static_rooms, layout_basic,
          nicolae_gozag_cash_rules_everything_around_me,
          chequers_serial_rivers_micro_b, minivault_5, uniq_grinder
D:4:      layout_basic, bh_walls_and_bars, uniq_natasha, uniq_edmund
D:5:      layout_rooms, pdpol_wu_jian_five_deadly_venoms,
          kennysheep_generic_room_7, uniq_crazy_yiuf_cottage, uniq_ijyb
D:6:      layout_loops_cross, grunt_dithmenos_smoke,
          minmay_temple_entry_poolview, serial_shops, nicolae_stop_n_shop_1,
          hangedman_decor_points
D:7:      layout_basic, serial_shops, nicolae_shop_competitors_out_of_business,
          eino_tiny_chamber
D:8:      layout_gridville, kennysheep_mini, gammafunk_temple_of_torment,
          uniq_psyche
D:9:      layout_roguey, enter_bailey_5, grunt_ministairs_13, minivault_7,
          uniq_maurice
D:10:     layout_long_grid, dpeg_lair_monsters, hellmonk_ghost_happy_afterlife
D:11:     layout_rooms
Lair:1:   layout_cave_pods, guppyfry_lair_drakes
Lair:2:   layout_layer_cave, elwin_shoals_entry_rocks,
          guppyfry_snake_entry_island
Lair:3:   layout_hall_layers, infiniplex_staircase_pool

Skill      XL: |  1  2  3  4  5  6  7  8  9 10 11 12 |
---------------+-------------------------------------+-----
Fighting       | 1 2 3 6 7 8 |  8.2
Maces & Flails | 3 7 |  7.5
Unarmed Combat | 5 7 11 14 | 14.3
Evocations     | 6 9 10 | 10.0
Long Blades    | |  4.5
Spellcasting   | |  1.0
Poison Magic   | |  1.0
Invocations    | |  1.2

Action                     |  1- 3 |  4- 6 |  7- 9 | 10-12 || total
---------------------------+-------+-------+-------+-------++-------
  Melee: Falchion          |    45 |       |       |       ||    45
         Dagger            |    61 |   141 |    21 |       ||   223
         Flail             |       |       |   200 |    61 ||   261
         Punch             |       |       |     5 |    55 ||    60
         Unarmed           |       |       |       |   674 ||   674
 Invoke: Potion Petition   |       |       |       |     1 ||     1
  Evoke: Wand              |       |     1 |     3 |    10 ||    14
    Use: Potion            |       |     3 |     2 |     3 ||     8
         Scroll            |       |       |    15 |     8 ||    23
   Stab: Distracted        |       |       |     2 |     8 ||    10
         Paralysed         |       |       |     4 |    18 ||    22
         Invisible         |       |       |       |     5 ||     5
 Armour: Chain mail        |    62 |    65 |   224 |   173 ||   524
         Robe              |     2 |       |       |       ||     2
         Skin              |       |     6 |       |    14 ||    20
         Ring mail         |       |       |       |   253 ||   253
  Dodge: Dodged            |    30 |    31 |   118 |   341 ||   520

Table legend: (Time is in decaauts)
 A = Elapsed time spent in this place.
 B = Non-inter-level travel time spent in this place.
 C = Inter-level travel time spent in this place.
 D = Time resting spent in this place.
 E = Time spent auto-exploring this place.
 F = Levels seen in this place.
 G = Mean time per level.
                   A        B        C        D        E       F      G
               +--------+--------+--------+--------+--------+-----+--------+
         Total |  12989 |  12675 |    314 |   1634 |   8450 |  16 |  811.8 |
       Dungeon |   9402 |   9134 |    268 |   1047 |   6148 |  11 |  854.7 |
          Lair |   2418 |   2373 |     45 |     63 |   2054 |   3 |  806.0 |
         Abyss |    178 |    178 |      0 |     46 |     26 |   1 |  178.0 |
        Bailey |    990 |    990 |      0 |    477 |    222 |   1 |  990.0 |
               +--------+--------+--------+--------+--------+-----+--------+

Top non-repeatable levels by time:
     D:9: 1199 daAuts
  Lair:2: 1181 daAuts
     D:3: 1055 daAuts
  Bailey: 990 daAuts
     D:5: 984 daAuts
     D:1: 889 daAuts
  Lair:1: 852 daAuts
    D:10: 829 daAuts
     D:4: 820 daAuts
     D:6: 810 daAuts
     D:2: 797 daAuts
    D:11: 754 daAuts
     D:7: 698 daAuts
     D:8: 562 daAuts
  Lair:3: 384 daAuts
